[Event "2nd Cambridge Open 2024"]
[Site "Cambridge"]
[Date "2024.02.20"]
[Round "3.6"]
[White "Woltery, Nicolai"]
[Black "Shafi, Declan"]
[Result "1-0"]
[ECO "A28"]
[WhiteElo "1979"]
[BlackElo "2219"]
[Annotator "RC"]
[PlyCount "67"]
[EventDate "2024.02.18"]
[EventType "swiss"]
[EventCountry "ENG"]
[SourceTitle "playchess.com"]
[Source "ChessBase"]
[SourceQuality "1"]
[TimeControl "5400+30"]

1. c4 Nf6 2. Nc3 e5 3. Nf3 Nc6 4. e4 Bc5 5. Nxe5 Nxe5 6. d4 Bxd4 7. Qxd4 d6 8. Be2 O-O 9. O-O Be6 10. b3 Nfd7 11. Bb2 Nc6 12. Qe3 Nc5 13. f4 f5 14. e5 Qe7 15. exd6 cxd6 16. b4 Nd7 17. b5 Bf7 18. Qd2 Nd8 19. Nd5 Bxd5 20. Qxd5+ Nf7 21. Bd3 Nf6 22. Bxf6 Qxf6 23. Bxf5 Rfe8 24. Rae1 g6 25. Be6 Rad8 26. f5 g5 27. Qxb7 Re7 28. Bxf7+ Rxf7 29. Qd5 Qc3 30. Re7 Rdf8 31. f6 h6 32. Qe4 Rxe7 33. Qxe7 Rf7 34. Qe8+ 1-0

[Event "2nd Cambridge Open 2024"]
[Site "Cambridge"]
[Date "2024.02.20"]
[Round "3.7"]
[White "McClement, Andrew"]
[Black "Simpson, Ben"]
[Result "1-0"]
[ECO "C78"]
[WhiteElo "2223"]
[BlackElo "1873"]
[Annotator "RC"]
[PlyCount "63"]
[EventDate "2024.02.18"]
[EventType "swiss"]
[EventCountry "ENG"]
[SourceTitle "playchess.com"]
[Source "ChessBase"]
[SourceQuality "1"]
[TimeControl "5400+30"]

1. e4 e5 2. Nf3 Nc6 3. Bb5 a6 4. Ba4 Nf6 5. O-O b5 6. Bb3 Bc5 7. c3 d6 8. d4 Bb6 9. h3 O-O 10. Re1 h6 11. a4 Bb7 12. d5 Ne7 13. Nbd2 c6 14. dxc6 Bxc6 15. Bc2 Ng6 16. Nf1 Nh5 17. Nxe5 Qh4 18. Ng4 f5 19. exf5 Bxg2 20. Kxg2 Ngf4+ 21. Bxf4 Nxf4+ 22. Kf3 Qxh3+ 23. Kxf4 g5+ 24. Ke4 Rae8+ 25. Kd5 Rxe1 26. Qxe1 Qxg4 27. Qe6+ Rf7 28. axb5 Qf3+ 29. Be4 Qxf2 30. b4 Qe2 31. c4 a5 32. f6 1-0

[Event "2nd Cambridge Open 2024"]
[Site "Cambridge"]
[Date "2024.02.20"]
[Round "3.8"]
[White "Samarakoon, Vivash Ransara"]
[Black "Karamsetty, Jeevan"]
[Result "0-1"]
[ECO "B08"]
[WhiteElo "1839"]
[BlackElo "2211"]
[Annotator "RC"]
[PlyCount "72"]
[EventDate "2024.02.18"]
[EventType "swiss"]
[EventCountry "ENG"]
[SourceTitle "playchess.com"]
[Source "ChessBase"]
[SourceQuality "1"]
[TimeControl "5400+30"]

1. e4 d6 2. d4 g6 3. Nc3 Bg7 4. Bc4 Nf6 5. h3 O-O 6. Nf3 Nxe4 7. Nxe4 d5 8. Bd3 dxe4 9. Bxe4 Nd7 10. c3 Nf6 11. Bc2 b6 12. O-O Bb7 13. Re1 Qd6 14. Bg5 c5 15. dxc5 Qxc5 16. Bxf6 Bxf6 17. Qe2 Rad8 18. Rad1 Bd5 19. a3 Rd6 20. Be4 Bc4 21. Qc2 Rfd8 22. Nd2 Be6 23. Nf3 Qb5 24. Qc1 Rxd1 25. Rxd1 Rxd1+ 26. Qxd1 Qxb2 27. Qd8+ Kg7 28. g4 Qxc3 29. Kg2 h6 30. Ba8 Qxa3 31. Nd4 Bxd4 32. Qxd4+ f6 33. Be4 Qd6 34. Qa4 Bd5 35. Bxd5 Qxd5+ 36. f3 a5 0-1

[Event "2nd Cambridge Open 2024"]
[Site "Cambridge"]
[Date "2024.02.20"]
[Round "3.9"]
[White "Sowray, Peter J"]
[Black "Pereslavtsev, Alexandr"]
[Result "1-0"]
[ECO "E90"]
[WhiteElo "2169"]
[BlackElo "1696"]
[Annotator "RC"]
[PlyCount "97"]
[EventDate "2024.02.18"]
[EventType "swiss"]
[EventCountry "ENG"]
[SourceTitle "playchess.com"]
[Source "ChessBase"]
[SourceQuality "1"]
[TimeControl "5400+30"]

1. c4 Nf6 2. Nf3 g6 3. Nc3 Bg7 4. e4 d6 5. d4 O-O 6. Be3 e5 7. dxe5 dxe5 8. Qxd8 Rxd8 9. Nd5 Na6 10. O-O-O Be6 11. Nxf6+ Bxf6 12. Be2 Bg4 13. a3 c6 14. Kc2 Nc7 15. Rxd8+ Rxd8 16. Bxa7 Ne6 17. Ng1 Bxe2 18. Nxe2 c5 19. Bb6 Rd6 20. Ba5 Nd4+ 21. Nxd4 Rxd4 22. f3 Rxc4+ 23. Bc3 Ra4 24. Rd1 Ra6 25. Rd5 Rc6 26. Bxe5 Bxe5 27. Rxe5 Kg7 28. Re7 b6 29. Kc3 Rd6 30. e5 Rd1 31. e6 Kf6 32. Rxf7+ Kxe6 33. Rxh7 Rg1 34. g3 Rf1 35. f4 Kd5 36. Rd7+ Kc6 37. Rg7 Rf3+ 38. Kc2 Rf2+ 39. Kb3 Rxh2 40. Rxg6+ Kb5 41. a4+ Ka5 42. Rg8 Ka6 43. f5 Rf2 44. g4 Rf3+ 45. Kc4 Kb7 46. Kd5 Rd3+ 47. Ke4 Rd4+ 48. Ke5 Kc6 49. f6 1-0

[Event "2nd Cambridge Open 2024"]
[Site "Cambridge"]
[Date "2024.02.20"]
[Round "3.10"]
[White "Denderski, Piotr"]
[Black "Prince, Alan R"]
[Result "1-0"]
[ECO "A08"]
[WhiteElo "2137"]
[BlackElo "1652"]
[Annotator "RC"]
[PlyCount "97"]
[EventDate "2024.02.18"]
[EventType "swiss"]
[EventCountry "ENG"]
[SourceTitle "playchess.com"]
[Source "ChessBase"]
[SourceQuality "1"]
[TimeControl "5400+30"]

1. Nf3 Nf6 2. g3 g6 3. Bg2 Bg7 4. d3 d5 5. O-O O-O 6. Nbd2 c5 7. e4 Nc6 8. h3 e5 9. c3 h6 10. Re1 Be6 11. exd5 Nxd5 12. Nc4 Qc7 13. Qe2 Rae8 14. Bd2 b5 15. Ne3 f5 16. Nh4 Nxe3 17. Qxe3 Ne7 18. f4 Bd5 19. Nxg6 Bxg2 20. Nxe7+ Rxe7 21. Kxg2 Rfe8 22. fxe5 Rxe5 23. Qf3 Rxe1 24. Rxe1 Rxe1 25. Bxe1 Qe5 26. Bf2 b4 27. d4 cxd4 28. Bxd4 Qe6 29. Bxg7 Kxg7 30. b3 bxc3 31. Qxc3+ Kg6 32. Qf3 Qd7 33. h4 Qd2+ 34. Qf2 Qd5+ 35. Kh2 a5 36. Qe3 Qc6 37. Qd3 Kf6 38. Qd2 Kg6 39. Qxa5 Qc2+ 40. Kh3 Qe2 41. Qa8 Kh5 42. Qd5 Qg4+ 43. Kh2 Qe2+ 44. Qg2 Qd1 45. Qf2 Kg6 46. Kg2 Qd5+ 47. Kh2 Qd1 48. b4 Qb1 49. Qd2 1-0

[Event "2nd Cambridge Open 2024"]
[Site "Cambridge"]
[Date "2024.02.20"]
[Round "3.11"]
[White "Sonis, Francesco"]
[Black "Golubovic, Boris"]
[Result "1-0"]
[ECO "A16"]
[WhiteElo "2573"]
[BlackElo "2342"]
[Annotator "RC"]
[PlyCount "95"]
[EventDate "2024.02.18"]
[EventType "swiss"]
[EventCountry "ENG"]
[SourceTitle "playchess.com"]
[Source "ChessBase"]
[SourceQuality "1"]
[TimeControl "5400+30"]

1. c4 Nf6 2. Nc3 g6 3. g3 c6 4. Qa4 Bg7 5. Bg2 O-O 6. e4 d6 7. Nge2 c5 8. O-O Nc6 9. d3 a6 10. Qd1 Rb8 11. a4 Bg4 12. f3 Bd7 13. Be3 Ne8 14. Rf2 Nc7 15. d4 cxd4 16. Nxd4 Nxd4 17. Bxd4 Bxd4 18. Qxd4 Ne6 19. Qe3 a5 20. f4 Nc5 21. f5 Bc6 22. e5 Nd7 23. exd6 exd6 24. Rd1 Re8 25. Qf4 g5 26. Qxd6 Nf6 27. Bxc6 bxc6 28. Qxc6 Qe7 29. Qd6 Qxd6 30. Rxd6 Re1+ 31. Rf1 Rxf1+ 32. Kxf1 Kg7 33. Nb5 Ng4 34. Kg1 Ne3 35. f6+ Kg6 36. b3 Nf5 37. Rd5 g4 38. c5 Kxf6 39. c6 Ne7 40. c7 Rb6 41. Rd6+ Rxd6 42. Nxd6 Ke5 43. c8=Q Nxc8 44. Nxc8 Kd4 45. Nd6 Kc3 46. Nc4 Kxb3 47. Nxa5+ Kxa4 48. Nc4 1-0

[Event "2nd Cambridge Open 2024"]
[Site "Cambridge"]
[Date "2024.02.20"]
[Round "3.12"]
[White "Turner, Matthew J"]
[Black "Vardanyan, Aras"]
[Result "1-0"]
[ECO "D94"]
[WhiteElo "2448"]
[BlackElo "2284"]
[Annotator "TA"]
[PlyCount "75"]
[EventDate "2024.02.18"]
[EventType "swiss"]
[EventCountry "ENG"]
[SourceTitle "playchess.com"]
[Source "ChessBase"]
[SourceQuality "1"]
[TimeControl "5400+30"]

1. d4 Nf6 2. Nf3 c5 3. e3 g6 4. c4 Bg7 5. Nc3 O-O 6. Be2 cxd4 7. exd4 d5 8. h3 Nc6 9. O-O Be6 10. Ng5 Bf5 11. g4 Bc8 12. Be3 {[%emt 0:01:11] Black is slightly better.} h6 13. Nf3 dxc4 14. Bxc4 h5 15. Nh2 (15. Ne5 $11) 15... Qd7 16. d5 Ne5 17. Bb5 Qc7 (17... Qd6 $15 18. f4 Ned7) 18. Be2 (18. Bf4 $11 a6 (18... hxg4 19. hxg4 a6 20. Re1 $11) 19. Ba4) 18... hxg4 19. hxg4 Bd7 ({Better is} 19... Nc4 $17 {White must now prevent ...Nxe3.} 20. Bc1 Rd8) 20. Rc1 Rad8 (20... Rac8 $15) 21. f4 Nc4 22. Bd4 Nd6 {[%emt 0:04:30] Prevents Ne4} (22... Nxb2 $6 23. Qb3 Nxg4 24. Bxg7 (24. Bxa7 Nxh2 25. Kxh2 b5 $15) 24... Qc5+ 25. Kh1 Kxg7 26. Qxb2 $14 (26. Nxg4 Rh8+ 27. Kg2 Bxg4 $14)) 23. Ne4 Qb8 24. Nxf6+ (24. Nc5 $11) 24... exf6 $17 25. Bd3 Rfe8 26. Qf3 Nb5 27. Bf2 {[%emt 0:00:36] [#]} f5 $1 28. gxf5 Nd4 29. Bxd4 Bxd4+ 30. Kh1 (30. Kg2 {was forced.} Re3 (30... Bxb2 31. fxg6 fxg6 32. Rc2 $16) (30... gxf5 31. Qh5 $11) (30... Bxf5 31. Bxf5 gxf5 32. Rcd1 $11) 31. Qd1) 30... Re3 $19 (30... Bxb2 $2 31. fxg6 f5 (31... Bxc1 $2 32. Qh5 $18) 32. Qh5 $18) (30... gxf5 31. Qh5 Kf8 (31... Bxb2 $2 32. Qh6 $18) (31... Qd6 32. Nf3 $16) 32. Rcd1 $11 (32. Bxf5 Bxf5 33. Qxf5 Qd6 $15)) (30... Bxf5 31. Bxf5 gxf5 32. Rcd1 $14) 31. Qd1 Qd6 (31... Bxb2 32. fxg6 Qd6 (32... Bxc1 33. Qh5 $11) 33. Qh5 $11) (31... gxf5 32. Qh5 Kf8 (32... Rxd3 33. Rg1+ Kf8 34. Qh6+ Ke7 35. Rce1+ $11) (32... Bxb2 $2 33. Qh6 $18) 33. Bxf5 $15) 32. fxg6 Qxd5+ 33. Rf3 Bxb2 $2 {[%emt 0:09:33] A strong pair of Bishops.} (33... Bc6 $19 34. gxf7+ Kf8 (34... Kxf7 35. Bc4 $16) (34... Qxf7 35. Rxc6 bxc6 36. Rxe3 $11) 35. Rxc6 Qxc6) 34. Bc4 $40 {[%emt 0:00:43][%mdl 128] Black needs to defend precisely.} Qe4 (34... Qd4 $11) 35. gxf7+ $18 (35. Bxf7+ Kg7 36. Bd5 Qe7 37. Rxe3 Qxe3 $11) 35... Kg7 36. Qg1+ (36. Bd3 $2 Rxd3 37. Qxd3 Qxd3 38. Rg1+ Qg6 (38... Kxf7 39. Rxd3 Bc6+ 40. Rf3 $17) 39. Rxg6+ (39. f5 $2 Qxg1+ 40. Kxg1 Kxf7 $19) 39... Kxg6 $19) 36... Kf8 37. Qg8+ (37. Qxe3 Qxe3 38. Rxe3 Bc6+ 39. Kg1 (39. Nf3 Bxc1 40. Rc3 Bd2 $17) 39... Bxc1 $11) 37... Ke7 {[%emt 0:00:08] [#]} 38. Qxd8+ $3 {[%emt 0:00:15][%mdl 512] What a bad dream for Black.   Weighted Error Value: White=0.28 (precise) /Black=0.53.  Loses game:     	---       	Black=1      Missed win:     	---       	Black=1      Mistake:       	White=4     	Black=3      Inaccurate:     	White=2     	Black=2      OK:         	White=9     	Black=9      Best:        	White=2     	Black=2      Strong:       	---       	Black=1} 1-0

[Event "2nd Cambridge Open 2024"]
[Site "Cambridge"]
[Date "2024.02.20"]
[Round "3.13"]
[White "Wadsworth, Matthew J"]
[Black "Dishman, Stephen"]
[Result "1/2-1/2"]
[ECO "D12"]
[WhiteElo "2450"]
[BlackElo "2273"]
[Annotator "TA"]
[PlyCount "83"]
[EventDate "2024.02.18"]
[EventType "swiss"]
[EventCountry "ENG"]
[SourceTitle "playchess.com"]
[Source "ChessBase"]
[SourceQuality "1"]
[TimeControl "5400+30"]

1. d4 d5 2. c4 c6 3. Nc3 Nf6 4. e3 Bf5 5. Nf3 e6 6. Nh4 Be4 7. f3 Bg6 8. Bd2 Be7 9. Nxg6 hxg6 10. Qb3 Qc7 11. cxd5 cxd5 12. O-O-O Nc6 13. Kb1 Nd7 14. e4 Nxd4 15. Qa4 Nc6 16. exd5 {[%emt 0:06:54] [#] Nb5 is the strong threat.} Nb6 17. Qf4 Qxf4 18. Bxf4 Nxd5 19. Nxd5 exd5 20. Rxd5 Rh5 21. Bc4 Rxd5 22. Bxd5 Rd8 23. Be4 f5 (23... Bb4 $14) 24. Bxc6+ $16 bxc6 {[%emt 0:00:03][%mdl 4096] Endgame. KRB-KRB} 25. Re1 {[%emt 0:00:37] aiming for Kc2.} Kf7 $2 {[%emt 0:04:34][%mdl 8192] [#]} ({Black should try} 25... Rd7 $1 $14) 26. Rxe7+ $1 $18 Kxe7 {[%emt 0:00:05] KR-KB} 27. Bg5+ Kd7 28. Bxd8 Kxd8 {[%emt 0:00:02] KP-KP} 29. Kc2 g5 $2 (29... Kc7 30. Kc3 Kd7) 30. Kc3 Kc7 31. Kd4 {[%emt 0:02:53] Threatens to win with Ke5.} Kd6 32. b4 Ke6 (32... Kc7 $142 33. h4 gxh4) 33. Kc5 Kd7 34. b5 cxb5 35. Kxb5 {[%emt 0:00:05] Black must now prevent Ka6.} Kc7 36. Kc5 f4 37. g4 $2 (37. Kd5 $18 Kd7 38. Ke5) 37... Kb7 $1 $11 {[%emt 0:04:46] The position is equal.} 38. Kb5 Kc7 39. Ka5 (39. Ka6 $5 Kb8 $8 40. a4 $11) 39... Kb7 40. Kb5 Kc7 41. Kc5 (41. Ka6 $5 Kb8 $8 42. Kb5 Kc7 $11) 41... Kb7 $1 42. Kb5 {[%emt 0:01:02] Weighted Error Value: White=0.17 (very precise) /Black=0.34.  Loses game:     	---       	Black=1      Mistake:       	---       	Black=3      OK:         	White=11    	Black=10     Best:        	White=5     	Black=3      Strong:       	---       	Black=1      Brilliant:      	White=1     	---} 1/2-1/2

[Event "2nd Cambridge Open 2024"]
[Site "Cambridge"]
[Date "2024.02.20"]
[Round "3.14"]
[White "Gasanov, Eldar"]
[Black "Gluma, Christian"]
[Result "1-0"]
[ECO "B06"]
[WhiteElo "2487"]
[BlackElo "2256"]
[Annotator "TA"]
[PlyCount "79"]
[EventDate "2024.02.18"]
[EventType "swiss"]
[EventCountry "ENG"]
[SourceTitle "playchess.com"]
[Source "ChessBase"]
[SourceQuality "1"]
[TimeControl "5400+30"]

1. d4 g6 2. e4 Bg7 3. Nf3 c6 4. Bd3 d5 5. e5 Nh6 {[%emt 0:00:37] Black is weak on the dark squares} 6. O-O O-O 7. Re1 f6 8. exf6 {[%emt 0:00:41] White is better.} exf6 9. c4 Re8 10. Nc3 Rxe1+ 11. Qxe1 Kf7 ({Black should play} 11... Bg4 $14) 12. b3 Be6 13. Bf4 Nd7 14. cxd5 {[%emt 0:10:11] White has more active pieces.} Bxd5 15. Nxd5 cxd5 16. Rc1 Rc8 {[%emt 0:00:00] [#] Inhibits Rc7.} 17. Rxc8 Qxc8 18. Qa5 Qc6 19. Qxa7 Nf8 (19... Ng8 {was worth a try.} 20. b4 Qb6) 20. h3 Ne6 21. Bd2 {[%emt 0:01:09] This pair of bishops is nice.} Ng8 22. a4 {[%emt 0:01:36][%cal Ba2a4,Ba4a5][%mdl 32] Threatens to win with b4.} Ne7 23. b4 {[%emt 0:03:55][%cal Bb3b4,Bb4b5][%mdl 32] aiming for b5.} Nc8 24. Qb8 Bf8 25. b5 Qd7 (25... Qc7 $16 26. Qxc7+ Nxc7) 26. a5 $18 Bd6 27. Qa8 {[%emt 0:00:06] Strongly threatening a6.} Ke7 (27... Nd8 $142 28. Ne1 Ne7) 28. g3 {[%emt 0:05:20] Hoping for a6.} Nd8 29. Kg2 Bc7 $2 (29... Qc7 30. Ne1 Kf7) 30. h4 Kf7 {[%emt 0:00:00][%cal Be7f7,Bf7e6,Be6f6][%mdl 32] [#]} 31. h5 $1 Ne7 32. b6 ({But not} 32. a6 bxa6 33. Qxa6 (33. bxa6 Qc6 $18) 33... Bd6 $18) 32... Bd6 33. a6 bxa6 34. Qa7 Ke6 35. Bxa6 Nec6 36. Qa8 Nb8 37. Bd3 {[%emt 0:00:36] White is clearly winning.} f5 (37... Qb7 $142 38. Qa2 Nd7 39. hxg6 hxg6 40. Bxg6 Nxb6) 38. Ng5+ Kf6 39. Qxd5 h6 {[%emt 0:00:15] [#]} 40. Qg8 $1 {[%emt 0:03:37] Weighted Error Value: White=0.14 (very precise) /Black=0.35.  Mistake:       	---       	Black=6      Inaccurate:     	White=3     	Black=2      OK:         	White=20    	Black=11     Best:        	White=1     	Black=2} 1-0

[Event "2nd Cambridge Open 2024"]
[Site "Cambridge"]
[Date "2024.02.20"]
[Round "3.15"]
[White "Jermy, Jaden"]
[Black "Martin, Lewis"]
[Result "1-0"]
[ECO "D11"]
[WhiteElo "1968"]
[BlackElo "2144"]
[Annotator "RC"]
[PlyCount "65"]
[EventDate "2024.02.18"]
[EventType "swiss"]
[EventCountry "ENG"]
[SourceTitle "playchess.com"]
[Source "ChessBase"]
[SourceQuality "1"]
[TimeControl "5400+30"]

1. d4 d5 2. Nf3 Nf6 3. c4 c6 4. Bf4 dxc4 5. Qc2 b5 6. e4 Bg4 7. Nbd2 e6 8. Be2 Bxf3 9. Nxf3 Bb4+ 10. Kf1 O-O 11. g4 Nxg4 12. Rg1 f5 13. e5 Be7 14. h3 h5 15. hxg4 fxg4 16. Qg6 Rxf4 17. Qxe6+ Kf8 18. Qg6 Qe8 19. Qh7 Qf7 20. e6 Qg8 21. Qxh5 gxf3 22. Bxf3 g5 23. d5 Rh4 24. Qxh4 gxh4 25. Rxg8+ Kxg8 26. Rd1 Bf6 27. d6 Bxb2 28. e7 Nd7 29. Bxc6 Rb8 30. Bxd7 c3 31. Be6+ Kg7 32. d7 c2 33. Re1 1-0

[Event "2nd Cambridge Open 2024"]
[Site "Cambridge"]
[Date "2024.02.20"]
[Round "3.16"]
[White "Southcott-Moyers, Indy"]
[Black "Mata, Adilson"]
[Result "1-0"]
[ECO "E14"]
[WhiteElo "2123"]
[BlackElo "1924"]
[Annotator "RC"]
[PlyCount "97"]
[EventDate "2024.02.18"]
[EventType "swiss"]
[EventCountry "ENG"]
[SourceTitle "playchess.com"]
[Source "ChessBase"]
[SourceQuality "1"]
[TimeControl "5400+30"]

1. d4 Nf6 2. c4 e6 3. Nf3 Bb4+ 4. Nbd2 O-O 5. a3 Bxd2+ 6. Qxd2 b6 7. e3 Bb7 8. Be2 a5 9. O-O Ne4 10. Qc2 a4 11. Nd2 Nxd2 12. Bxd2 f5 13. f3 Qh4 14. Bd3 Nc6 15. Bc3 Ne7 16. Qf2 Qh5 17. Qg3 d6 18. d5 Qg6 19. Qh4 Rae8 20. Bc2 exd5 21. Bxa4 Bc6 22. Bxc6 Nxc6 23. cxd5 Ne5 24. Bd4 Qf7 25. Rad1 Qxd5 26. Bxb6 Qc4 27. Qxc4+ Nxc4 28. Bxc7 Nxe3 29. Bxd6 Nxd1 30. Bxf8 Ne3 31. Bb4 Nxf1 32. Kxf1 Re6 33. a4 Kf7 34. a5 Ke8 35. Bc3 Kd7 36. Bxg7 Kc6 37. Kf2 Kb5 38. Bc3 Ka6 39. h3 f4 40. g3 fxg3+ 41. Kxg3 Rg6+ 42. Kf4 Rh6 43. Kg3 Rg6+ 44. Kh2 Rg8 45. f4 Kb5 46. f5 Kc4 47. f6 Kd3 48. a6 Kc4 49. f7 1-0

[Event "2nd Cambridge Open 2024"]
[Site "Cambridge"]
[Date "2024.02.20"]
[Round "3.17"]
[White "Sivanandan, Bodhana"]
[Black "Banerjee, Supratit"]
[Result "1-0"]
[ECO "C10"]
[WhiteElo "1856"]
[BlackElo "1984"]
[Annotator "RC"]
[PlyCount "127"]
[EventDate "2024.02.18"]
[EventType "swiss"]
[EventCountry "ENG"]
[SourceTitle "playchess.com"]
[Source "ChessBase"]
[SourceQuality "1"]
[TimeControl "5400+30"]

1. e4 e6 2. d4 d5 3. Nd2 dxe4 4. Nxe4 Nd7 5. Nf3 Ngf6 6. Nxf6+ Nxf6 7. c3 c5 8. Ne5 a6 9. Be3 Qc7 10. Qa4+ Bd7 11. Nxd7 Nxd7 12. O-O-O O-O-O 13. Be2 Nb6 14. Qc2 Nd5 15. Kb1 c4 16. g3 Qc6 17. Bc1 Be7 18. f4 g6 19. Bf3 h5 20. h3 Qc7 21. Rhf1 b5 22. Be2 Kb8 23. Bd2 Ka7 24. Bf3 a5 25. Rfe1 Bf6 26. a3 Rd7 27. Bg2 Qc6 28. Re2 Rhd8 29. g4 hxg4 30. hxg4 b4 31. cxb4 Bxd4 32. Re4 Bg7 33. Rxc4 Qb5 34. Rc5 Qb6 35. Rxa5+ Kb8 36. Bxd5 Rxd5 37. Rxd5 Rxd5 38. Bc1 Rxd1 39. Qxd1 Bd4 40. Qb3 Qc6 41. Qd3 Qd5 42. a4 e5 43. fxe5 Qxe5 44. Qf3 Qe7 45. Bd2 Bg7 46. a5 Qe6 47. b5 g5 48. Qd3 Bf6 49. a6 Be7 50. Qd4 Qg6+ 51. Kc1 Qe6 52. b6 Qc6+ 53. Bc3 Qh1+ 54. Kc2 Qg2+ 55. Kb3 Qh1 56. Qe5+ Ka8 57. b7+ Qxb7+ 58. axb7+ Kxb7 59. Qxe7+ Kc6 60. Kc4 f5 61. b4 f4 62. b5+ Kb6 63. Bd4+ Ka5 64. Qa7# 1-0

[Event "2nd Cambridge Open 2024"]
[Site "Cambridge"]
[Date "2024.02.20"]
[Round "3.18"]
[White "Borsos, Bogdan"]
[Black "Nawalaniec, Adam"]
[Result "1-0"]
[ECO "C42"]
[WhiteElo "2094"]
[BlackElo "1876"]
[Annotator "NA RC"]
[PlyCount "41"]
[EventDate "2024.02.18"]
[EventType "swiss"]
[EventCountry "ENG"]
[SourceTitle "playchess.com"]
[Source "ChessBase"]
[SourceQuality "1"]
[TimeControl "5400+30"]

1. d4 d5 2. c4 dxc4 3. e3 e5 4. Bxc4 exd4 5. exd4 Nf6 6. Nf3 Be7 7. O-O O-O 8. Nc3 Bg4 9. h3 Bh5 10. Re1 Nbd7 11. Bf4 Nb6 12. Bb3 c6 13. a3 Re8 14. g4 Bg6 15. Ne5 Nfd5 16. Bd2 Bg5 17. Nxd5 Nxd5 18. Bxd5 cxd5 19. Bxg5 Qxg5 20. Qb3 Be4 21. Rxe4 1-0

[Event "2nd Cambridge Open 2024"]
[Site "Cambridge"]
[Date "2024.02.20"]
[Round "3.19"]
[White "Payne, Matthew J"]
[Black "Skettos, Nicolas"]
[Result "1-0"]
[ECO "C02"]
[WhiteElo "2091"]
[BlackElo "1880"]
[Annotator "NA RC"]
[PlyCount "77"]
[EventDate "2024.02.18"]
[EventType "swiss"]
[EventCountry "ENG"]
[SourceTitle "playchess.com"]
[Source "ChessBase"]
[SourceQuality "1"]
[TimeControl "5400+30"]

1. e4 e6 2. d4 d5 3. e5 c5 4. c3 Nc6 5. Nf3 Bd7 6. Be2 Nge7 7. O-O Ng6 8. g3 Be7 9. h4 cxd4 10. cxd4 O-O 11. h5 Nh8 12. Nbd2 f6 13. Nb3 Nf7 14. Bf4 b6 15. Rc1 fxe5 16. dxe5 Ng5 17. Kg2 Rc8 18. Nxg5 Bxg5 19. Bxg5 Qxg5 20. f4 Qe7 21. a3 Nb8 22. Qd2 Ba4 23. Nd4 Rc5 24. b4 Rxc1 25. Rxc1 Qd7 26. Qc3 Re8 27. Qc7 Qxc7 28. Rxc7 Bd7 29. Bg4 a5 30. Rxd7 Nxd7 31. Bxe6+ Rxe6 32. Nxe6 axb4 33. axb4 b5 34. Nc7 Nb6 35. Nxb5 Kf7 36. Kf2 Ke6 37. Ke3 Kf5 38. Nd6+ Kg4 39. e6 1-0

[Event "2nd Cambridge Open 2024"]
[Site "Cambridge"]
[Date "2024.02.20"]
[Round "3.20"]
[White "Pert, Max"]
[Black "McLean, Robert"]
[Result "1/2-1/2"]
[ECO "C14"]
[WhiteElo "1950"]
[BlackElo "1823"]
[Annotator "RC"]
[PlyCount "38"]
[EventDate "2024.02.18"]
[EventType "swiss"]
[EventCountry "ENG"]
[SourceTitle "playchess.com"]
[Source "ChessBase"]
[SourceQuality "1"]
[TimeControl "5400+30"]

1. e4 e6 2. d4 d5 3. Nc3 Nf6 4. Bg5 Be7 5. e5 Nfd7 6. h4 Nc6 7. Nf3 O-O 8. Rh3 f6 9. exf6 Nxf6 10. Ne5 Nxe5 11. dxe5 Nd7 12. Bxe7 Qxe7 13. Bd3 Nxe5 14. Bxh7+ Kxh7 15. Qh5+ Kg8 16. Qxe5 Qf6 17. Qxf6 Rxf6 18. Rd3 c6 19. f3 e5 1/2-1/2

[Event "2nd Cambridge Open 2024"]
[Site "Cambridge"]
[Date "2024.02.20"]
[Round "3.21"]
[White "Rida, Ruqayyah"]
[Black "Bharat Kumar, Balahari"]
[Result "0-1"]
[ECO "B90"]
[WhiteElo "1743"]
[BlackElo "1995"]
[Annotator "RC"]
[PlyCount "220"]
[EventDate "2024.02.18"]
[EventType "swiss"]
[EventCountry "ENG"]
[SourceTitle "playchess.com"]
[Source "ChessBase"]
[SourceQuality "1"]
[TimeControl "5400+30"]

1. e4 c5 2. Nf3 d6 3. d4 cxd4 4. Nxd4 Nf6 5. Nc3 a6 6. f3 h5 7. Be3 e6 8. Qd2 Be7 9. O-O-O b5 10. Kb1 Bb7 11. a3 Nbd7 12. Rg1 Rc8 13. h3 d5 14. exd5 Nxd5 15. Nxd5 Bxd5 16. Nf5 O-O 17. Nxe7+ Qxe7 18. Bd3 Ne5 19. Bd4 Nc4 20. Bxc4 Rxc4 21. Rge1 f6 22. Bc3 Qc7 23. Ba5 Qf4 24. Qxf4 Rxf4 25. b3 h4 26. Bc7 Rf5 27. Rd4 Rc8 28. Bd6 Rg5 29. Re2 Rh5 30. Kb2 Kf7 31. Bb4 Rhh8 32. Bc3 g5 33. f4 Rhd8 34. Rf2 g4 35. hxg4 Bb7 36. Rb4 Rd1 37. f5 e5 38. g5 e4 39. Bxf6 e3 40. Re2 Rd2 41. Rxd2 exd2 42. Rd4 Be4 43. Rxd2 Bxf5 44. c3 Re8 45. c4 bxc4 46. bxc4 Re4 47. Kc3 Be6 48. Bd4 Rg4 49. Rf2+ Ke8 50. c5 Rxg5 51. Re2 Rg3+ 52. Kb4 Kf7 53. c6 Rb3+ 54. Kc5 Rb5+ 55. Kd6 Rd5+ 56. Kc7 Rxd4 57. Rc2 Rd3 58. Kb7 Rxa3 59. c7 Rb3+ 60. Ka8 Bc8 61. Rd2 Rb7 62. Rd4 Rxc7 63. Rxh4 Kg6 64. Kb8 Rc2 65. Ra4 Kg5 66. Rd4 Bf5 67. Rd5 Ra2 68. Kb7 Kf4 69. Kb6 Be4 70. Ra5 Rb2+ 71. Kxa6 Bxg2 72. Ra4+ Ke5 73. Ka5 Rb8 74. Rb4 Ra8+ 75. Kb6 Kd6 76. Rg4 Rb8+ 77. Ka7 Rb7+ 78. Ka6 Rb2 79. Rg6+ Kc5 80. Ka7 Bd5 81. Rg1 Rb7+ 82. Ka6 Rb8 83. Rg7 Ra8+ 84. Ra7 Rb8 85. Rg7 Bc4+ 86. Ka7 Rb1 87. Rb7 Ra1+ 88. Kb8 Bd5 89. Ra7 Rh1 90. Rc7+ Bc6 91. Rc8 Kb6 92. Rc7 Rh8+ 93. Rc8 Rh7 94. Rc7 Rh8+ 95. Rc8 Rh2 96. Rc7 Ra2 97. Rb7+ Kc5 98. Ra7 Rb2+ 99. Kc7 Rg2 100. Ra1 Rg7+ 101. Kb8 Kd6 102. Rd1+ Bd5 103. Rc1 Rb7+ 104. Kc8 Ra7 105. Kd8 Rd7+ 106. Kc8 Rg7 107. Kb8 Rg8+ 108. Rc8 Rg2 109. Rc1 Ra2 110. Rc7 Ra8# 0-1